 Dungeon Crawl Stone Soup version 0.31-a0-728-g01b46875f1 (webtiles) character file.

Game seed: 9778562678596102712

102 DApurpleWHUMPUS the Magician (level 4, -1/24 HPs)
             Began as a Deep Elf Fire Elementalist on Sept 11, 2023.
             Slain by an orc wizard
             ... wielding a +0 dagger
              (3 damage)
             ... on level 3 of the Dungeon.
             The game lasted 00:10:06 (2217 turns).

DApurpleWHUMPUS the Magician (DEFE)                 Turns: 2217, Time: 00:10:06

Health: -1/24      AC:  2    Str:  5    XL:     4   Next: 49%
Magic:  6/12       EV: 13    Int: 20    God:
Gold:   205        SH:  0    Dex: 17    Spells: 6/12 levels left

rFire   . . .        h - +2 short sword (protect)
rCold   . . .        (no shield)
rNeg    . . .        a - +0 robe
rPois   .            (no helmet)
rElec   .            (no cloak)
rCorr   .            (no gloves)
SInv    .            (no boots)
Will    .....        (no amulet)
Stlth   ++           (no ring)
HPRegen 0.24/turn    (no ring)
MPRegen 0.13/turn

%: no passive effects
@: no status effects
A: no striking features
a: no special abilities


You were on level 3 of the Dungeon.
You visited 1 branch of the dungeon, and saw 3 of its levels.

You collected 205 gold pieces.

Inventory:

Hand Weapons
 e - a +0 spear
 h - a +2 short sword of protection (weapon)
Armour
 a - a +0 robe (worn)
Jewellery
 c - a ring of resist corrosion
 f - a +4 ring of protection
Scrolls
 g - a scroll of fear {unknown}
 j - a scroll of identify {unknown}
 k - a scroll of brand weapon {unknown}
 l - a scroll of blinking {unknown}
 n - a scroll of immolation {unknown}
Potions
 b - 3 potions of magic
 d - 3 potions of enlightenment {unknown}
 i - a potion of mutation {unknown}
 m - a potion of lignification {unknown}
 o - a potion of curing {unknown}


   Skills:
 - Level 2.6 Dodging
 - Level 2.7 Stealth
 * Level 4.5 Spellcasting
 + Level 2.4 Conjurations
 + Level 1.0 Summonings
 + Level 4.0 Fire Magic


You had 6 spell levels left.
You knew the following spells:

 Your Spells              Type           Power      Damage    Failure   Level
a - Foxfire               Conj/Fire      68%        2x1d7     3%          1
b - Call Canine Familiar  Summ           8%         N/A       24%         3
c - Scorch                Fire           40%        2d6       3%          2

Your spell library contained the following spells:

 Spells                   Type           Power      Damage    Failure   Level
 Inner Flame              Hex/Fire       12%        N/A       16%         3
 Volatile Blastmotes      Fire/Tloc      24%        2d12      16%         3
 Flame Wave               Conj/Fire      17%        2d7       32%         4
 Ozocubu's Armour         Ice            4%         N/A       36%         3
 Sigil of Binding         Hex            4%         N/A       36%         3
 Dimensional Bullseye     Hex/Tloc       2%         N/A       77%         4
 Leda's Liquefaction      Hex/Erth       2%         N/A       77%         4
 Ozocubu's Refrigeration  Ice            2%         4d7       100%        7


Dungeon Overview and Level Annotations

Branches:
Dungeon (3/15)

Altars:

Shops:
D:1 *(!?:


Message History

The foxfire hits the orc priest.
The orc priest is lightly wounded.
The foxfire hits the orc priest.
The orc priest is heavily wounded.
A puff of flame appears from out of thin air!
The puff of flame hits you!
Casting: Foxfire (safe; 3% risk of failure)
Confirm with . or Enter, or press ? or * to list all spells.
You conjure some foxfire!
Your foxfire dissipates!
The foxfire hits the orc priest but does no damage.
The orc priest is heavily wounded.
The orc priest hits you from afar with a +0 trident.
Casting: Foxfire (safe; 3% risk of failure)
Confirm with . or Enter, or press ? or * to list all spells.
You conjure some foxfire!
The orc priest hits you from afar with a +0 trident!
* * * LOW HITPOINT WARNING * * *
The foxfire hits something.
The foxfire hits something but does no damage.
Casting: Foxfire (safe; 3% risk of failure)
Confirm with . or Enter, or press ? or * to list all spells.
You conjure some foxfire!
The foxfire hits something!
Your foxfire dissipates!
Casting: Foxfire (safe; 3% risk of failure)
Confirm with . or Enter, or press ? or * to list all spells.
You conjure some foxfire!
The foxfire hits something.
Okay, then.
Casting: Foxfire (safe; 3% risk of failure)
Confirm with . or Enter, or press ? or * to list all spells.
Nothing appears to happen.
Your foxfire dissipates!
Casting: Foxfire (safe; 3% risk of failure)
Confirm with . or Enter, or press ? or * to list all spells.
You conjure some foxfire!
You barely miss something.
The orc priest hits you from afar with a +0 trident.
* * * LOW HITPOINT WARNING * * *
Something hits you.
You die...

#######.#####.# #.#
### #.# #.# #.# #.#
#.# #.# #.# #.#
#.###.#########
#.#...........#
#v#.#.#######.#
#@#.#.# #.#
#{#.#.#######.#
#o#.#.........#
#.###.#.###########
#...).#.# ##..###.#
..... #.# ######
#.# #.#


You could see an orc priest.

Vanquished Creatures
  A gnoll (D:1)
  2 adders
  7 dart slugs
  A worm (D:2)
  6 orcs (D:3)
  3 endoplasms
  3 goblins
  5 hobgoblins
  2 quokkas (D:1)
  5 ball pythons
  4 bats
  2 frilled lizards (D:1)
  6 kobolds
  5 rats
52 creatures vanquished.

Vanquished Creatures (collateral kills)
  A kobold (D:2)
  A rat (D:2)
  A foxfire (D:1)
3 creatures vanquished.

Vanquished Creatures (others)
  103 foxfires
103 creatures vanquished.

Grand Total: 158 creatures vanquished

Notes
Turn   | Place    | Note
-------+----------+-------------------------------------------
     0 | D:1      | DApurpleWHUMPUS the Deep Elf Fire Elementalist began the
                  | quest for the Orb.
     0 | D:1      | Reached XP level 1. HP: 10/10 MP: 6/6
    84 | D:1      | Found Soll's Magic Scroll Emporium.
   172 | D:1      | Reached XP level 2. HP: 9/15 MP: 4/8
   226 | D:1      | Found Mukoafiniy's Book Emporium.
   511 | D:1      | Reached XP level 3. HP: 18/19 MP: 1/10
   764 | D:1      | Found a faded altar of an unknown god.
   804 | D:1      | Found Raskufar's Distillery.
   882 | D:1      | Found Cuullon's Antique Weapon Boutique.
   903 | D:1      | Found Fagoat's General Store.
  1031 | D:1      | Learned a level 3 spell: Call Canine Familiar
  1034 | D:1      | Learned a level 2 spell: Scorch
  1606 | D:2      | Reached XP level 4. HP: 24/24 MP: 12/12
  2115 | D:3      | Reached skill level 1 in Summonings
  2217 | D:3      | Slain by an orc wizard

Illustrated notes

Levels and vault maps discovered:
D:1:      eino_arrival_druids_welcome, layout_rooms, basic_ecumenical_altar,
          serial_shops, shop, nicolae_shop_pleasant_corner_grove, shop, shop,
          shop
D:2:      minmay_diamond_boxcup, layout_loops_ring
D:3:      layout_basic, nicolae_ru_the_path_less_chosen

Skill      XL: |  1  2  3  4 |
---------------+-------------+-----
Conjurations   | 2 |  2.4
Spellcasting   | 4 |  4.5
Fire Magic     | 4 |  4.0
Summonings     | 1 |  1.0
Dodging        | |  2.6
Stealth        | |  2.7

Action                     |  1- 3 |  4- 6 || total
---------------------------+-------+-------++-------
  Melee: Short sword       |    43 |    10 ||    53
   Cast: Foxfire           |    66 |    17 ||    83
         Call Canine Famil |     1 |       ||     1
   Stab: Sleeping          |     3 |     1 ||     4
 Armour: Robe              |    24 |     7 ||    31
  Dodge: Dodged            |    33 |     4 ||    37

Table legend: (Time is in decaauts)
 A = Elapsed time spent in this place.
 B = Non-inter-level travel time spent in this place.
 C = Inter-level travel time spent in this place.
 D = Time resting spent in this place.
 E = Time spent auto-exploring this place.
 F = Levels seen in this place.
 G = Mean time per level.
                   A        B        C        D        E       F      G
               +--------+--------+--------+--------+--------+-----+--------+
         Total |   2215 |   2198 |     17 |    245 |   1351 |   3 |  738.3 |
       Dungeon |   2215 |   2198 |     17 |    245 |   1351 |   3 |  738.3 |
               +--------+--------+--------+--------+--------+-----+--------+

Top non-repeatable levels by time:
     D:1: 1073 daAuts
     D:2: 801 daAuts
     D:3: 341 daAuts
